 Dungeon Crawl Stone Soup version 0.19.4-9-g45fd643 (webtiles) character file.

7438 sveltemanboy the Carver (level 11, 0/54 HPs)
             Began as a Vine Stalker Gladiator on Feb 18, 2017.
             Was a Believer of Ashenzari.
             Slain by nikopol's ghost (14 damage)
             ... on level 11 of the Dungeon.
             The game lasted 00:29:53 (8997 turns).

sveltemanboy the Carver (Vine Stalker Gladiator)    Turns: 8997, Time: 00:29:54

Health: 0/54       AC: 11    Str: 19    XL:     11   Next: 15%
Magic:  0/16       EV: 17    Int: 24    God:    Ashenzari [**....]
Gold:   443        SH:  0    Dex: 14    Spells: 3 memorised, 5 levels left

rFire  x . .     SeeInvis .     a - +1 long sword
rCold  + . .     Gourm    .     y - +1 leather armour "Pagim" {rF- rCorr Int+8}
rNeg   . . .     Faith    .     (no shield)
rPois  .         Spirit   +     b - +2 helmet {Int+3} (curse)
rElec  .         Reflect  .     (no cloak)
rCorr  +         Harm     .     p - +1 pair of gloves (curse)
MR     ++...                    w - +0 pair of boots (curse)
Stlth  ++........               (no amulet)
                                m - ring of protection from magic (curse)
                                x - +3 ring of evasion (curse)

@: no status effects
A: fangs 3, rugged brown scales 1, clever 1, cold resistance 1, regeneration 1,
magic shield, antimagic bite, no device heal 3, rot immunity
a: Curse Item, Scrying, Renounce Religion


You were on level 11 of the Dungeon.
You worshipped Ashenzari.
Ashenzari was pleased with you.
You were hungry.

You visited 2 branches of the dungeon, and saw 12 of its levels.
You also visited: Sewer.

You collected 443 gold pieces.

Inventory:

Hand Weapons
 a - a +1 long sword (weapon)
Missiles
 d - 2 throwing nets (quivered)
Armour
 b - a cursed +2 helmet of intelligence (worn)
 p - a cursed +1 pair of gloves (worn)
 w - a cursed +0 pair of boots (worn)
 y - the +1 leather armour "Pagim" (worn) {rF- rCorr Int+8}
   (You found it on level 4 of the Dungeon)

   It affects your intelligence (+8).
   It makes you vulnerable to fire.
   It protects you from acid and corrosion.
Jewellery
 m - a cursed ring of protection from magic (right hand)
 n - an uncursed ring of protection from cold
 o - an uncursed ring of resist corrosion
 x - a cursed +3 ring of evasion (left hand)
Wands
 j - a wand of disintegration (11/24)
 k - a wand of lightning (2/15)
 r - a wand of paralysis (19/24)
 C - a wand of disintegration (3/24)
 I - a wand of lightning (10/15)
 K - a wand of iceblast (5/15)
 L - a wand of iceblast (7/15)
Scrolls
 h - 7 scrolls of teleportation
 i - a scroll of enchant armour
 l - 4 scrolls of identify
 u - 2 scrolls of blinking
 v - a scroll of enchant weapon
 F - 6 scrolls of fear
 J - a scroll of recharging
Potions
 c - 6 potions of curing
 e - 2 potions of might
 q - a potion of brilliance
 s - a potion of haste
 z - a potion of berserk rage
 A - a potion of lignification
 D - 2 potions of magic
 E - 4 potions of flight
 G - 2 potions of cancellation
Books
 M - a book of Misfortune

   Spells                             Type                      Level
   a - Confusing Touch                Hexes                        1
   b - Confuse                        Hexes                        3
   c - Gell's Gravitas                Hexes/Translocation          3
   d - Petrify                        Transmutation/Earth          4
   e - Metabolic Englaciation         Hexes/Ice                    5
   f - Yara's Violent Unravelling     Hexes/Transmutation          5
Comestibles
 f - 11 bread rations
 g - 3 meat rations
 H - 2 chunks of flesh
 N - 5 fruits


   Skills:
 - Level 4.0 Fighting
 * Level 11.2 Long Blades
 - Level 1.7 Throwing
 - Level 3.0 Armour
 - Level 4.0(5.3) Dodging
 - Level 3.1(4.4) Stealth
 - Level 3.0 Spellcasting
 + Level 5.8(7.3) Hexes
 + Level 4.0(5.4) Ice Magic
 - Level 4.2(5.6) Evocations


You had 5 spell levels left.
You knew the following spells:

 Your Spells              Type           Power        Failure   Level  Hunger
a - Confuse               Hex            #####...     1%          3    ###....
b - Metabolic Englaciati  Hex/Ice        ####......   28%         5    ######.
c - Gell's Gravitas       Hex/Tloc       ###.......   12%         3    ###....


Dungeon Overview and Level Annotations

Branches:
Dungeon (11/15)            Temple (1/1) D:5
   Lair: D:8-11         Orc: D:9-12

Altars:
Ashenzari
Elyvilon
Fedhas
Gozag
Hepliaklqana
Kikubaaqudgha
Makhleb
Nemelex Xobeh
Ru
Trog
Uskayaw
Vehumet
Xom
The Shining One

Shops:
D:7 ?   D:8 %(*(

Annotations:
D:11 nikopol's ghost, journeyman GrBe


Innate Abilities, Weirdness & Mutations

You have razor-sharp teeth.
Your natural rate of healing is unusually fast.
When hurt, damage is shared between your health and your magic reserves.
Your bite disrupts and absorbs the magic of your enemies.
Potions and wands cannot restore your health.
You are immune to rotting.
You are partially covered in rugged brown scales. (AC +1, +3% HP)
Your mind is acute. (Int +2)
Your flesh is cold resistant. (rC+)


Message History

This wand has 3 charges left.
You hear a bellow! x3; You hear a croak.
You hear a bellow!
You hear a croak. x2
You hear a shout! x2; You hear a bellow! x2; You hear a screech!
You hear a shout! x2
Nikopol's ghost hits you!
* * * LOW HITPOINT WARNING * * *
Evoke which item? (* to show all) (? for menu, Esc to quit)
Zapping:
k - a wand of lightning (3/15)
Press: ? - help, Shift-Dir - straight line You hear a mighty clap of thunder!
The bolt of lightning hits nikopol's ghost.
Nikopol's ghost appears unharmed.
Nikopol's ghost is severely damaged.
The bolt of lightning hits nikopol's ghost.
Nikopol's ghost resists.
Nikopol's ghost is severely damaged.
This wand has 2 charges left.
You hear a bellow!
Nikopol's ghost hits you!!
You die...

, * * . ######### *
.#* * #.......# *
.# ** #.<.....#
..#., ,
#.......#####....#,
,
#.......##........
,, * #.......#@$#*
,, , #.......W.## ,
* #.......### * * ,
#.......# * , ,* *
,+.......# , *,
........# **, ,*
*####..###* , *, *
* ##. * *,,, ..,,


You could see nikopol's ghost.

Vanquished Creatures
  The ghost of NinoLikesCookies the Scholar of Death, a novice DsNe of Kikubaaqudgha (D:7)
  2 hill giants
  Joseph (D:9)
  A two-headed ogre (D:8)
  3 hippogriffs
  Sigmund (D:2)
  A hungry ghost (D:10)
  2 orc warriors
  A water moccasin (D:6)
  A sky beast (D:6)
  A black bear (D:6)
  An ice beast (D:10)
  5 ogres
  2 phantoms
  8 centaurs
  2 big kobolds (Sewer)
  A wyvern zombie (D:7)
  9 bullfrogs
  3 scorpions
  20 killer bees
  4 wights (D:8)
  A centaur zombie (D:7)
  4 hounds
  A jelly (D:6)
  A bullfrog skeleton (D:3)
  4 orc priests
  5 orc wizards
  A centaur skeleton (D:10)
  2 iguanas
  2 worker ants
  2 hound skeletons
  Robin (D:2)
  11 adders
  6 gnolls (D:5)
  A river rat (D:5)
  6 oozes
  3 worms
  4 dart slugs
  6 leopard geckos
  22 orcs
  5 ball pythons
  3 giant cockroaches
  13 goblins
  7 hobgoblins
  8 jackals
  15 kobolds
  A quokka (D:9)
  6 bats
  4 frilled lizards
  A jackal skeleton (D:4)
  A jackal zombie (D:9)
  4 rats
221 creatures vanquished.

Notes
Turn   | Place    | Note
-------+----------+-------------------------------------------
     0 | D:1      | sveltemanboy the Vine Stalker Gladiator began the quest for the Orb.
     0 | D:1      | Reached XP level 1. HP: 11/11 MP: 2/2
     4 | D:1      | Noticed a troll
     4 | D:1      | Noticed a tengu
     6 | D:1      | Noticed a demigod
     6 | D:1      | Noticed a spriggan
     8 | D:1      | Noticed a gargoyle
     8 | D:1      | Noticed a vine stalker
    10 | D:1      | Noticed a ghoul
    10 | D:1      | Noticed a dwarf
    12 | D:1      | Noticed a formicid
    12 | D:1      | Noticed a naga
    14 | D:1      | Noticed a human
    14 | D:1      | Noticed a minotaur
    16 | D:1      | Noticed a felid
    18 | D:1      | Noticed a draconian
    20 | D:1      | Noticed an octopode
    20 | D:1      | Noticed a vampire
    22 | D:1      | Noticed a centaur
    22 | D:1      | Noticed a halfling
    24 | D:1      | Noticed a merfolk
    24 | D:1      | Noticed an ogre
    26 | D:1      | Noticed an elf
    26 | D:1      | Noticed a demonspawn
   171 | D:1      | Reached XP level 2. HP: 8/15 MP: 3/3
   583 | D:1      | Reached skill level 1 in Armour
   583 | D:1      | Reached XP level 3. HP: 19/19 MP: 4/4
  1382 | D:2      | Noticed Sigmund
  1394 | D:2      | Noticed Robin
  1414 | D:2      | Killed Robin
  1414 | D:2      | Gained mutation: Your natural rate of healing is unusually fast. [Vine Stalker growth]
  1414 | D:2      | Reached XP level 4. HP: 12/23 MP: 5/5
  1954 | D:2      | Killed Sigmund
  1954 | D:2      | Reached XP level 5. HP: 28/28 MP: 6/6
  1954 | D:2      | Reached XP level 6. HP: 32/32 MP: 7/7
  2708 | D:3      | Found a white marble altar of Elyvilon.
  2751 | D:3      | Found a white marble altar of Elyvilon.
  3133 | D:4      | You fall through a shaft for 2 floors!
  3139 | D:5      | Entered Level 5 of the Dungeon
  3200 | D:5      | Found a staircase to the Ecumenical Temple.
  3211 | Temple   | Entered the Ecumenical Temple
  3245 | Temple   | Became a worshipper of Ashenzari the Shackled
  3287 | D:5      | Reached skill level 3 in Long Blades
  3372 | D:5      | Reached XP level 7. HP: 37/37 MP: 8/8
  3391 | D:5      | Found a glowing drain.
  3395 | Sewer    | Entered a sewer
  3626 | Sewer    | Reached skill level 4 in Long Blades
  3626 | Sewer    | Reached skill level 1 in Evocations
  4197 | D:5      | Reached skill level 5 in Long Blades
  4197 | D:5      | Gained mutation: You have razor-sharp teeth. [Vine Stalker growth]
  4197 | D:5      | Reached XP level 8. HP: 34/42 MP: 10/10
  4640 | D:4      | Reached skill level 1 in Stealth
  4670 | D:4      | Got the uncursed leather armour "Pagim" {rF- rCorr Int+8}
  4681 | D:4      | Identified the +1 leather armour "Pagim" {rF- rCorr Int+8} (You found it on level 4 of the Dungeon)
  4914 | D:6      | Reached * piety under Ashenzari
  5092 | D:6      | Gained mutation: Your flesh is cold resistant. (rC+) [potion of mutation]
  5092 | D:6      | Gained mutation: Your mind is acute. (Int +2) [potion of mutation]
  5092 | D:6      | Gained mutation: You are partially covered in rugged brown scales. (AC +1, +3% HP) [potion of mutation]
  5124 | D:6      | Found an opulent altar of Gozag.
  5124 | D:6      | Found a hazy altar of Hepliaklqana.
  5125 | D:6      | Found a sacrificial altar of Ru.
  5199 | D:6      | Reached skill level 6 in Long Blades
  5351 | D:6      | Identified the Almanac of Enthralling Fire
  5355 | D:6      | Learned a level 1 spell: Confusing Touch
  5723 | D:7      | Noticed NinoLikesCookies's ghost (novice DsNe)
  5734 | D:7      | Killed NinoLikesCookies's ghost
  5734 | D:7      | Reached skill level 7 in Long Blades
  5734 | D:7      | Reached XP level 9. HP: 46/46 MP: 13/13
  5757 | D:7      | Learned a level 5 spell: Metabolic Englaciation
  6068 | D:7      | Reached skill level 8 in Long Blades
  6131 | D:7      | Reached ** piety under Ashenzari
  6131 | D:7      | Found Odicit's Magic Scroll Emporium.
  6319 | D:8      | Found Wofac's Food Shop.
  6319 | D:8      | Found Poarch's Weapon Emporium.
  6535 | D:8      | Noticed a two-headed ogre
  6547 | D:8      | Killed a two-headed ogre
  6547 | D:8      | Reached XP level 10. HP: 28/50 MP: 12/15
  6615 | D:8      | Learned a level 3 spell: Confuse
  6671 | D:8      | Reached skill level 9 in Long Blades
  6734 | D:8      | Reached skill level 5 in Hexes
  6826 | D:8      | Found Ceve's Assorted Antiques.
  6850 | D:8      | Found an ancient bone altar of Kikubaaqudgha.
  6892 | D:8      | Found Rixt's Antique Weapon Shoppe.
  7283 | D:9      | Noticed a hill giant
  7304 | D:9      | Killed a hill giant
  7304 | D:9      | Reached skill level 10 in Long Blades
  7492 | D:9      | Noticed Joseph
  7507 | D:9      | Killed Joseph
  7507 | D:9      | Reached skill level 1 in Ice Magic
  7958 | D:10     | Entered Level 10 of the Dungeon
  8076 | D:10     | Learned a level 3 spell: Gell's Gravitas
  8248 | D:10     | Identified the Disquisition on Clay and Shape Shifting
  8442 | D:10     | Reached XP level 11. HP: 54/54 MP: 16/16
  8641 | D:10     | Reached skill level 11 in Long Blades
  8733 | D:10     | Noticed a hill giant
  8737 | D:10     | Killed a hill giant
  8963 | D:11     | Noticed nikopol's ghost (journeyman GrBe)
  8997 | D:11     | Slain by nikopol's ghost

Skill      XL: |  1  2  3  4  5  6  7  8  9 10 11 |
---------------+----------------------------------+-----
Fighting       | 2 3 4 |  4.0
Armour         | 1 2 3 |  3.0
Dodging        | 3 4 |  4.0
Long Blades    | 3 5 7 8 10 11 | 11.2
Evocations     | 2 4 |  4.2
Stealth        | 3 |  3.1
Spellcasting   | 2 3 |  3.0
Hexes          | 2 4 5 |  5.8
Ice Magic      | 3 4 |  4.0
Throwing       | |  1.7

Action                   |  1- 3 |  4- 6 |  7- 9 | 10-12 || total
-------------------------+-------+-------+-------+-------++-------
Melee: Long sword        |    13 |       |    29 |   228 ||   270
       Short sword       |   141 |    30 |       |       ||   171
       Bite              |    51 |    49 |   103 |   133 ||   336
       Dagger            |       |   107 |   281 |    87 ||   475
Throw: Throwing net      |       |     1 |       |       ||     1
 Cast: Confusing Touch   |       |       |     2 |       ||     2
       Confuse           |       |       |       |    24 ||    24
Invok: Curse Item        |       |     3 |     2 |       ||     5
Evoke: Wand              |       |       |    13 |     6 ||    19
  Use: Scroll            |     5 |     6 |    11 |     4 ||    26
       Potion            |       |       |     1 |       ||     1
 Stab: Sleeping          |       |     1 |     5 |     4 ||    10
       Confused          |       |       |       |    10 ||    10
  Eat: Chunk             |     2 |     6 |     9 |     9 ||    26
       Beef jerky        |       |       |     1 |     1 ||     2
Armor: Leather armour    |    50 |    11 |    36 |    91 ||   188
       Ring mail         |       |    14 |    14 |       ||    28
Dodge: Dodged            |    84 |   105 |   195 |   261 ||   645
       Rpst.: Long sword |     1 |       |     5 |    55 ||    61
